 Dungeon Crawl Stone Soup version 0.27-a0-906-g0a00ce863d (webtiles) character file.

Game seed: 11119701716257075697

41 wakim the Insei (level 3, -1/23 HPs)
             Began as an Octopode Transmuter on Apr 6, 2021.
             Slain by a kobold
             ... wielding a +2 dagger of electrocution
              (14 damage)
             ... on level 2 of the Dungeon.
             The game lasted 00:02:27 (1425 turns).

wakim the Insei (Octopode Transmuter)               Turns: 1425, Time: 00:02:28

Health: -1/23      AC:  1    Str:  9    XL:     3   Next: 52%
Magic:  6/6        EV: 13    Int: 16    God:
Gold:   46         SH:  0    Dex: 12    Spells: 5/6 levels left

rFire    . . .     SeeInvis .     - Unarmed
rCold    . . .     Faith    .   (no shield)
rNeg     . . .     Spirit   .   (helmet currently unavailable)
rPois    .         Reflect  .   (no amulet)
rElec    .         Harm     .   (no ring)
rCorr    .         Rampage  .   (no ring)
Will     .....                  (no ring)
Stlth    +++.......             (no ring)
HPRegen  0.07/turn              (no ring)
MPRegen  0.10/turn              (no ring)
                                (no ring)
                                (no ring)

@: appendages (expiring)
A: tentacle spike 3, almost no armour, amphibious, 8 rings, camouflage 1,
gelatinous body 1, (nimble swimmer 1), tentacles
a: End Transformation


You were on level 2 of the Dungeon.
One of your tentacles had grown a beastly spike.
You visited 1 branch of the dungeon, and saw 2 of its levels.

You collected 46 gold pieces.

Inventory:

Potions
 B - a potion of attraction
 D - a potion of brilliance
 J - a potion of heal wounds


   Skills:
 - Level 1.0 Fighting
 - Level 2.0 Dodging
 * Level 3.0 Stealth
 * Level 3.8 Unarmed Combat
 - Level 2.0 Spellcasting
 - Level 2.0 Transmutations


You had 5 spell levels left.
You knew the following spells:

 Your Spells              Type           Power      Damage    Failure   Level
a - Beastly Appendage     Tmut           16%        N/A       9%          1

Your spell library contained the following spells:

 Spells                   Type           Power      Damage    Failure   Level
 Wereblood                Tmut           8%         N/A       14%         2
 Spider Form              Tmut/Pois      2%         N/A       38%         3
 Ice Form                 Ice/Tmut       4%         N/A       80%         4
 Hydra Form               Tmut           4%         N/A       94%         5


Dungeon Overview and Level Annotations

Branches:
Dungeon (2/15)

Altars:


Innate Abilities, Weirdness & Mutations

One of your tentacles has grown a beastly spike.
You cannot wear most types of armour.
You are amphibious.
You can wear up to eight rings at the same time.
Your skin changes colour to match your surroundings (Stealth+).
Your rubbery body absorbs attacks. (AC +1, EV +1)
((You are camouflaged near water. (Stealth+)))
You have tentacles for arms and can constrict up to eight enemies at once.


Message History

You barely miss the kobold. You grab the kobold.
You constrict the kobold, but do no damage.
The kobold hits you with a +0 short sword.
You tentacle-slap the kobold but do no damage.
You pierce the kobold.
You kill the kobold!
Your transformation is almost over.
Things that are here:
a +0 short sword; a +0 whip; 5 stones You start resting.
Magic restored.
You start resting.
A kobold is nearby!
You start resting.
Your tentacle spike disappears.
A kobold is nearby!
Things that are here:
a +0 short sword; a +0 whip; 5 stones
Casting: Beastly Appendage (safe; 9% risk of failure)
Confirm with . or Enter, or press ? or * to list all spells.
One of your tentacles grows a vicious spike.
The kobold shouts! x2
The kobold throws a stone.
The stone hits you. The kobold completely misses you.
The kobold shouts!
You tentacle-slap the kobold.
You kill the kobold!
Things that are here:
a +0 short sword; a +0 whip; 5 stones Your transformation is almost over.
Okay, then.
You tentacle-slap the kobold. You grab the kobold. You squeeze the kobold.
You kill the kobold!
You barely miss the kobold. You grab the kobold.
Your tentacle spike misses the kobold.
You constrict the kobold, but do no damage.
The kobold hits you with a +2 dagger of electrocution.
You are electrocuted!
Ouch! That really hurt!
You die...

..# ......'.....# ..#
..K...'.....# ..#
......'K....# ..#
)$.KK##.....# ..# ...
#....## ..# # ##K...# ..#
#.K...#
#.###################.....#
#...............@K.)...)..#
######################....#
#....# #....# ######


You could see a kobold.

Vanquished Creatures
  An adder (D:2)
  A worm (D:2)
  A dart slug (D:1)
  3 ball pythons
  2 endoplasms (D:2)
  4 goblins (D:2)
  2 jackals (D:1)
  7 kobolds
  2 bats (D:2)
  3 frilled lizards (D:2)
26 creatures vanquished.

Vanquished Creatures (others)
  9 toadstools (D:2)
9 creatures vanquished.

Grand Total: 35 creatures vanquished

Notes
Turn   | Place    | Note
-------+----------+-------------------------------------------
     0 | D:1      | wakim the Octopode Transmuter began the quest for the Orb.
     0 | D:1      | Reached XP level 1. HP: 13/13 MP: 3/3
   161 | D:1      | Reached skill level 1 in Stealth
   178 | D:1      | Reached XP level 2. HP: 18/18 MP: 3/5
   765 | D:2      | Reached XP level 3. HP: 16/23 MP: 4/6
  1024 | D:2      | Found a faded altar of an unknown god.
  1425 | D:2      | Slain by a kobold

Illustrated notes

Levels and vault maps discovered:
D:1:      saegor_arrival_miasma, layout_loops_ring
D:2:      cheibrodos_fertilizer, layout_rooms,
          ebering_ecumenical_altar_abandoned, cheibrodos_gnoll_hut

Skill      XL: |  1  2  3 |
---------------+----------+-----
Stealth        | 1 2 3 |  3.0
Fighting       | |  1.0
Dodging        | |  2.0
Unarmed Combat | |  3.8
Spellcasting   | |  2.0
Transmutations | |  2.0

Action                   || total
-------------------------++-------
Melee: Unarmed           ||    53
       Constrict         ||    17
       Tentacles         ||     9
       Kick              ||     7
       Punch             ||     1
 Cast: Beastly Appendage ||    15
  Use: Scroll            ||     4
 Stab: Sleeping          ||     6
Armor: Skin              ||     5
Dodge: Dodged            ||    20

Table legend: (Time is in decaauts)
 A = Elapsed time spent in this place.
 B = Non-inter-level travel time spent in this place.
 C = Inter-level travel time spent in this place.
 D = Time resting spent in this place.
 E = Time spent auto-exploring this place.
 F = Levels seen in this place.
 G = Mean time per level.
                   A        B        C        D        E       F      G
               +--------+--------+--------+--------+--------+-----+--------+
         Total |   1421 |   1400 |     21 |    185 |    994 |   2 |  710.5 |
       Dungeon |   1421 |   1400 |     21 |    185 |    994 |   2 |  710.5 |
               +--------+--------+--------+--------+--------+-----+--------+

Top non-repeatable levels by time:
     D:2: 768 daAuts
     D:1: 653 daAuts
